AoeStats
← REDFIRE36

Black Forest

510315764Analyzed
2v2 RM · 22h ago on Sep 30, 2026· 63m 50s· 4 players
Game mode
Random Map
Map size
Medium (4 player)
Population
200
Speed
Normal
Resources
Standard
Victory
Conquest
Starting age
Dark Age
Ending age
Imperial Age
RankedLock teamsTeams togetherTeam positionsShared explorationLock speedFull tech treeHidden civsTurbo modeCheats
Victory
Defeat
🇧🇪 Varangians · Belgium
1243
+16
🇧🇪 Khmer · Belgium
1219
+16
🇹🇷 Lithuanians · Türkiye
1252
-17
🇬🇧 Mongols · United Kingdom
1214
-15
Best Overtime 12
0:38 Loom
13:51 Feudal Age
18:36 Castle Age
16:51 Double-Bit Axe
19:43 Fishing Lines
20:51 Wheelbarrow
20:43 Gillnets
23:11 Horse Collar
25:05 Gold Mining
28:09 Hand Cart
31:05 Imperial Age
29:24 Heavy Plow
29:16 Stone Mining
29:40 Bow Saw
30:32 Forging
30:27 Scale Barding Armor
30:52 Ballistics
30:55 Fletching
31:06 Padded Archer Armor
31:07 Scale Mail Armor
31:08 Squires
30:54 Gambesons
31:18 Husbandry
31:28 Bloodlines
31:53 Bodkin Arrow
32:34 Iron Casting
32:20 Chain Barding Armor
32:47 Elite Jarl
33:50 Bracer
34:05 Leather Archer Armor
34:33 Plate Barding Armor
35:44 Conscription
36:41 Blast Furnace
36:12 Ring Archer Armor
35:57 Chain Mail Armor
35:30 Arson
35:06 Pikeman
36:04 Halberdier
38:36 Plate Mail Armor
37:53 Town Watch
39:23 Elite Varangian Guard
44:59 Caravan
45:30 Coinage
45:11 Guilds
46:24 Gothikon
47:59 Banking
52:56 Light Cavalry
54:34 Man-at-Arms
55:10 Long Swordsman
56:01 Two-Handed Swordsman
REDFIRE36
13:00 Feudal Age
16:49 Castle Age
21:01 Double-Bit Axe
22:55 Loom
25:16 Horse Collar
31:31 Imperial Age
29:52 Loom
29:53 Town Watch
30:44 Wheelbarrow
30:11 Heavy Plow
30:24 Bow Saw
30:07 Stone Mining
30:09 Gold Mining
30:28 Scale Barding Armor
32:18 Chain Barding Armor
32:09 Forging
31:28 Light Cavalry
32:18 Bloodlines
32:09 Husbandry
32:45 Hand Cart
32:30 Town Patrol
33:28 Stone Shaft Mining
33:29 Gold Shaft Mining
33:07 Hussar
34:40 Iron Casting
34:48 Plate Barding Armor
34:57 Crop Rotation
35:06 Double Crossbow
36:27 Blast Furnace
36:30 Chemistry
35:57 Ballistics
36:24 Elite Ballista Elephant
37:05 Tusk Swords
38:47 Heavy Scorpion
47:04 Elite Battle Elephant
Billeybowb
0:41 Loom
13:16 Feudal Age
14:13 Double-Bit Axe
20:04 Castle Age
18:06 Fishing Lines
18:39 Stone Mining
19:06 Gold Mining
20:58 Bow Saw
22:27 Wheelbarrow
24:11 Hand Cart
25:39 Stone Shaft Mining
25:40 Horse Collar
26:28 Heavy Plow
27:55 Padded Archer Armor
28:28 Fletching
30:16 Gillnets
31:20 Gold Shaft Mining
30:43 Bodkin Arrow
31:42 Forging
31:47 Leather Archer Armor
31:58 Caravan
32:15 Scale Barding Armor
33:20 Iron Casting
36:14 Imperial Age
35:42 Chain Barding Armor
35:53 Thumb Ring
36:01 Bloodlines
35:51 Husbandry
36:15 Ballistics
36:06 Masonry
36:21 Elite Mangudai
37:22 Conscription
37:30 Parthian Tactics
38:29 Chemistry
37:32 Bracer
38:33 Blast Furnace
39:15 Hoardings
39:00 Drill
38:04 Onager
39:37 Siege Onager
39:43 Light Cavalry
40:15 Town Watch
43:23 Siege Engineers
45:40 Capped Ram
48:07 Siege Ram
50:50 Town Patrol
Sâhibü-s Seyf
1:33 Loom
12:36 Feudal Age
18:44 Castle Age
17:17 Double-Bit Axe
17:28 Horse Collar
19:22 Wheelbarrow
19:01 Town Watch
24:32 Bow Saw
25:40 Heavy Plow
25:51 Gold Mining
27:13 Bloodlines
27:50 Scale Barding Armor
28:06 Forging
28:16 Husbandry
28:48 Stone Mining
29:24 Fletching
29:58 Ballistics
31:40 Coinage
31:29 Caravan
33:11 Squires
35:28 Iron Casting
35:14 Chain Barding Armor
34:16 Pikeman
34:43 Arson
35:10 Murder Holes
35:43 Masonry
39:51 Imperial Age
38:25 Bodkin Arrow
38:31 Scale Mail Armor
38:32 Padded Archer Armor
41:32 Chemistry
40:54 Conscription
40:40 Hill Forts
40:01 Elite Leitis
40:08 Cavalier
42:03 Plate Barding Armor
41:55 Chain Mail Armor
42:56 Two-Man Saw
41:27 Light Cavalry
42:28 Bracer
43:39 Halberdier
46:03 Paladin
51:15 Man-at-Arms
52:12 Leather Archer Armor
52:04 Thumb Ring
52:58 Long Swordsman
54:53 Two-Handed Swordsman
Connection lost

Rejoining the realm…

Still unreachable

The connection could not be restored.

Session expired

The server has moved on; the page needs a fresh start.